Quebec Nordiques vs Montreal Canadiens
Created - Monday, February 3, 2025 at 09:39
Goals
|
| Quebec Nordiques |
0 |
1 |
1 |
1 |
3 |
| Montreal Canadiens |
0 |
2 |
0 |
0 |
2 |
|
Shots
|
| Quebec Nordiques |
14 |
6 |
11 |
2 |
33 |
| Montreal Canadiens |
15 |
14 |
8 |
0 |
37 |
|
1st period
No Goal
Penalties :
Justin Faulk (MTL) for Tripping (Minor) at 1:54
2nd period
1. Montreal Canadiens , Vladimir Tarasenko 2 (Patrik Laine 3, Dylan Larkin 4) at 8:15
2. Quebec Nordiques , Anthony Duclair 2 (Shane Pinto 2, Michael Anderson 2) at 8:31
3. Montreal Canadiens , Dylan Larkin 1 (Patrik Laine 4, Adam Fox 1) at 13:35
Penalties :
Michael McCarron (QUE) for Slashing (Minor) at 1:10, Juraj Slafkovsky (MTL) for Hooking (Minor) at 14:18
3rd period
4. Quebec Nordiques , Andreas Athanasiou 1 (Connor Brown 1, Jonas Siegenthaler 1) at 15:07
Penalties :
Aliaksei Protas (MTL) for Holding (Minor) at 4:23, Jordan Greenway (QUE) for Cross-checking (Minor) at 12:53
Overtime #1
5. Quebec Nordiques , Cole Perfetti 2 (Jonas Siegenthaler 2) at 3:43
Penalties :
No Penalty
Goalie Stats
John Gibson (QUE), 35 saves from 37 shots - (0.946), W, 2-0-0, 63:43 minutes
David Rittich (MTL), 30 saves from 33 shots - (0.909), OTL, 0-1-2, 63:43 minutes
Players Stats for Quebec Nordiques
Player Name G A P +/- PIM S H SB GA TA FO MP PP MP PK MP
------------------------------------------------------------------------------------
Alec Martinez 0 0 0 1 0 1 1 1 1 0 0/0 23:01 3:26 1:44
Andreas Athanasiou 1 0 1 1 0 1 1 0 0 0 1/1 9:17 0:00 0:00
Anthony Duclair 1 0 1 -1 0 3 0 0 2 0 0/2 20:44 3:15 0:00
Cole Perfetti 1 0 1 1 0 4 3 0 1 1 0/2 18:18 3:19 0:43
Connor Brown 0 1 1 1 0 3 1 0 0 0 0/0 9:48 0:00 0:00
J.J. Moser 0 0 0 0 0 2 0 0 0 0 0/0 28:16 3:26 2:14
Jonas Siegenthaler 0 2 2 1 0 2 4 2 0 1 0/0 25:19 2:31 1:44
Jordan Greenway 0 0 0 0 2 3 2 1 0 0 0/0 12:25 0:00 0:58
Justin Holl 0 0 0 0 0 2 0 0 0 1 0/0 13:18 0:00 0:00
Kirby Dach 0 0 0 -1 0 1 2 0 0 3 0/1 18:46 2:35 0:11
Luke Kunin 0 0 0 0 0 1 1 0 0 0 0/0 14:23 0:10 1:21
Marc Staal 0 0 0 0 0 0 1 0 0 1 0/0 13:50 0:00 0:00
Marco Rossi 0 0 0 1 0 4 5 0 1 0 9/13 16:31 2:35 0:00
Michael Anderson 0 1 1 0 0 0 2 1 0 1 0/0 23:42 2:31 2:14
Michael McCarron 0 0 0 0 2 1 0 0 0 0 7/12 14:06 0:07 1:08
Rem Pitlick 0 0 0 1 0 2 2 0 1 1 0/0 9:17 0:00 0:00
Shane Pinto 0 1 1 -1 0 2 2 0 2 0 9/30 22:16 3:15 1:29
Zach Benson 0 0 0 0 0 1 1 0 1 1 0/1 17:35 2:35 2:06
Players Stats for Montreal Canadiens
Player Name G A P +/- PIM S H SB GA TA FO MP PP MP PK MP
------------------------------------------------------------------------------------
Adam Fox 0 1 1 1 0 2 3 1 1 1 0/0 27:08 1:56 2:57
Alex Iafallo 0 0 0 0 0 2 1 0 0 0 0/1 10:14 0:00 2:36
Alexandre Carrier 0 0 0 -1 0 1 1 1 2 1 0/0 17:53 0:00 3:00
Aliaksei Protas 0 0 0 -1 2 1 0 2 1 0 1/2 12:57 0:00 2:01
Brady Skjei 0 0 0 -1 0 1 5 0 0 0 0/0 18:40 2:02 0:00
Damon Severson 0 0 0 0 0 0 1 0 0 1 0/0 22:14 2:02 2:57
Dylan Larkin 1 1 2 1 0 4 2 0 0 1 24/32 22:06 2:00 0:00
Ethen Frank 0 0 0 0 0 0 0 0 0 0 0/0 6:41 0:00 0:00
Evgeni Dadonov 0 0 0 -1 0 5 0 0 0 0 1/1 12:24 0:00 0:45
Ilya Lyubushkin 0 0 0 -1 0 1 0 4 0 0 0/0 17:57 0:00 3:00
Jake Evans 0 0 0 0 0 1 0 1 0 0 5/13 15:49 0:00 2:53
Jonatan Berggren 0 0 0 0 0 1 0 0 1 0 0/0 8:22 1:58 0:00
Juraj Slafkovsky 0 0 0 -1 2 1 5 1 0 2 1/1 17:35 2:00 0:16
Justin Faulk 0 0 0 0 2 1 0 0 0 1 0/0 23:56 1:56 0:00
Martin Necas 0 0 0 -1 0 1 2 0 1 0 0/0 17:18 1:58 0:00
Patrik Laine 0 2 2 1 0 6 2 0 1 0 0/3 21:32 1:58 0:28
Teddy Blueger 0 0 0 -1 0 2 1 0 0 1 4/8 14:00 0:00 2:55
Vladimir Tarasenko 1 0 1 1 0 7 1 0 3 1 0/1 22:06 2:00 0:00
3 Stars
1 - Jonas Siegenthaler (QUE)
2 - Dylan Larkin (MTL)
3 - John Gibson (QUE)
Power Play
Quebec Nordiques - 0 on 3 Attempt(s) - 0.00%
Montreal Canadiens - 0 on 2 Attempt(s) - 0.00%
Penalty Kill
Quebec Nordiques - 2 on 2 Attempt(s) - 100.00%
- Score 0 goal in Penalty Kill
Montreal Canadiens - 3 on 3 Attempt(s) - 100.00%
- Score 0 goal in Penalty Kill
Team Stat
Quebec Nordiques - Hits : 28 - Faceoff Wins : 26 - Blocked Shots : 5 - Penalty Minutes : 4
Montreal Canadiens - Hits : 24 - Faceoff Wins : 36 - Blocked Shots : 10 - Penalty Minutes : 6
Official
Referees : Tom Chmielewski and Ghislain Hebert
Linesman : Ryan Gibbons and Derek Nansen
Game Notes
No Game Note
Finance
Level 1 -- Attendance: 5595 (93.25%) -- Ticket Income $520,335
Level 2 -- Attendance: 5000 (100.00%) -- Ticket Income $265,000
Level 3 -- Attendance: 2712 (90.40%) -- Ticket Income $86,784
Level 4 -- Attendance: 4839 (96.78%) -- Ticket Income $106,458
Luxury Box -- Attendance: 787 (78.70%) -- Ticket Income $153,465
Game was played at the Bell Centre.
Total Attendance: 18933 (94.67%)
Total Ticket Income: $1,132,042
Other Income: $396,215
Total Income: $1,528,257
Quebec Nordiques
5 vs 5 Forward
Center Left Wing Right Wing Time % Phy DF OF
1 Shane Pinto Anthony Duclair Kirby Dach 35 1 2 2
2 Marco Rossi Cole Perfetti Zach Benson 30 1 2 2
3 Michael McCarron Luke Kunin Jordan Greenway 20 1 2 2
4 Andreas Athanasiou Connor Brown Rem Pitlick 15 1 2 2
5 vs 5 Defense
Defense Defense Time % Phy DF OF
1 J.J. Moser Michael Anderson 35 1 3 1
2 Alec Martinez Jonas Siegenthaler 30 1 3 1
3 Marc Staal Justin Holl 25 1 4 0
4 J.J. Moser Jonas Siegenthaler 10 1 3 1
PowerPlay Forward
Center Left Wing Right Wing Time % Phy DF OF
1 Shane Pinto Anthony Duclair Cole Perfetti 60 1 2 2
2 Marco Rossi Zach Benson Kirby Dach 40 1 2 2
PowerPlay Defense
Defense Defense Time % Phy DF OF
1 J.J. Moser Alec Martinez 60 1 2 2
2 Michael Anderson Jonas Siegenthaler 40 1 2 2
Penalty Kill 4 Players Forward
Center Wing Time % Phy DF OF
1 Michael McCarron Jordan Greenway 60 1 4 0
2 Luke Kunin Connor Brown 40 1 4 0
Penalty Kill 4 Players Defense
Defense Defense Time % Phy DF OF
1 J.J. Moser Michael Anderson 60 2 3 0
2 Jonas Siegenthaler Alec Martinez 40 2 3 0
Penalty Kill - 3 Players Forward
Forward Time % Phy DF OF
1 Michael McCarron 60 1 4 0
2 Luke Kunin 40 1 4 0
Penalty Kill - 3 Players Defense
Defense Defense Time % Phy DF OF
1 J.J. Moser Michael Anderson 60 1 4 0
2 Jonas Siegenthaler Alec Martinez 40 1 4 0
4 vs 4 Forward
Center Wing Time % Phy DF OF
1 Shane Pinto Anthony Duclair 60 1 2 2
2 Marco Rossi Cole Perfetti 40 1 2 2
4 vs 4 Defense
Defense Defense Time % Phy DF OF
1 J.J. Moser Michael Anderson 60 1 2 2
2 Alec Martinez Jonas Siegenthaler 40 1 2 2
Last Minutes Offensive
Center Left Wing Right Wing Defense Defense
Shane Pinto Anthony Duclair Cole Perfetti J.J. Moser Michael Anderson
Last Minutes Defensive
Center Left Wing Right Wing Defense Defense
Michael McCarron Luke Kunin Connor Brown J.J. Moser Michael Anderson
Goaltenders
Starting : John Gibson
Backup : Joseph Woll
Extra Forwards
Normal : Michael McCarron, Luke Kunin, Connor Brown - PP : Luke Kunin, Michael McCarron - PK : Zach Benson
Extra Defensemen
Normal : J.J. Moser, Michael Anderson, Marc Staal - PP : Marc Staal - PK : Marc Staal, Justin Holl
Penalty Shots
Kirby Dach, Anthony Duclair, Shane Pinto, Cole Perfetti, Marco Rossi
Scratches
Jakub Voracek (Healthy), Alexander Alexeyev (Healthy), Dysin Mayo (Healthy), Keith Kinkaid (Healthy)
Montreal Canadiens
5 vs 5 Forward
Center Left Wing Right Wing Time % Phy DF OF
1 Dylan Larkin Vladimir Tarasenko Patrik Laine 40 1 2 2
2 Jake Evans Juraj Slafkovsky Martin Necas 30 1 2 2
3 Teddy Blueger Aliaksei Protas Evgeni Dadonov 20 1 2 2
4 Ethen Frank Jonatan Berggren Alex Iafallo 10 1 2 2
5 vs 5 Defense
Defense Defense Time % Phy DF OF
1 Brady Skjei Justin Faulk 30 1 4 0
2 Adam Fox Damon Severson 30 1 4 0
3 Ilya Lyubushkin Alexandre Carrier 25 1 4 0
4 Justin Faulk Adam Fox 15 1 4 0
PowerPlay Forward
Center Left Wing Right Wing Time % Phy DF OF
1 Dylan Larkin Vladimir Tarasenko Juraj Slafkovsky 50 0 0 5
2 Patrik Laine Jonatan Berggren Martin Necas 50 0 0 5
PowerPlay Defense
Defense Defense Time % Phy DF OF
1 Justin Faulk Adam Fox 50 1 1 3
2 Brady Skjei Damon Severson 50 1 1 3
Penalty Kill 4 Players Forward
Center Wing Time % Phy DF OF
1 Jake Evans Aliaksei Protas 50 0 5 0
2 Teddy Blueger Alex Iafallo 50 0 5 0
Penalty Kill 4 Players Defense
Defense Defense Time % Phy DF OF
1 Ilya Lyubushkin Alexandre Carrier 50 0 5 0
2 Adam Fox Damon Severson 50 0 5 0
Penalty Kill - 3 Players Forward
Forward Time % Phy DF OF
1 Jake Evans 50 0 5 0
2 Teddy Blueger 50 0 5 0
Penalty Kill - 3 Players Defense
Defense Defense Time % Phy DF OF
1 Ilya Lyubushkin Alexandre Carrier 50 0 5 0
2 Adam Fox Damon Severson 50 0 5 0
4 vs 4 Forward
Center Wing Time % Phy DF OF
1 Dylan Larkin Vladimir Tarasenko 50 1 2 2
2 Martin Necas Juraj Slafkovsky 50 1 2 2
4 vs 4 Defense
Defense Defense Time % Phy DF OF
1 Justin Faulk Adam Fox 50 1 2 2
2 Brady Skjei Damon Severson 50 1 2 2
Last Minutes Offensive
Center Left Wing Right Wing Defense Defense
Dylan Larkin Vladimir Tarasenko Juraj Slafkovsky Justin Faulk Adam Fox
Last Minutes Defensive
Center Left Wing Right Wing Defense Defense
Teddy Blueger Aliaksei Protas Jake Evans Ilya Lyubushkin Alexandre Carrier
Goaltenders
Starting : David Rittich
Backup : Calle Clang
Extra Forwards
Normal : Dylan Larkin, Juraj Slafkovsky, Martin Necas - PP : Dylan Larkin, Juraj Slafkovsky - PK : Teddy Blueger
Extra Defensemen
Normal : Brady Skjei, Justin Faulk, Adam Fox - PP : Adam Fox - PK : Justin Faulk, Brady Skjei
Penalty Shots
Dylan Larkin, Vladimir Tarasenko, Martin Necas, Juraj Slafkovsky, Patrik Laine
Scratches
None
% Time on Ice - Quebec Nordiques
Lines # - Real PCT - Wanted PCT - Time Play
Normal Forward
1 - 33% - 35% - 16:40
2 - 26% - 30% - 12:54
3 - 22% - 20% - 11:14
4 - 19% - 15% - 9:17
Normal Defense
1 - 35% - 35% - 17:23
2 - 32% - 30% - 15:55
3 - 27% - 25% - 13:18
4 - 7% - 10% - 3:29
PP Forward
1 - 57% - 60% - 3:22
2 - 43% - 40% - 2:35
PP Defense
1 - 58% - 60% - 3:26
2 - 42% - 40% - 2:31
PK Forward
1 - 100% - 60% - 3:58
2 - 0% - 40% - 0:00
PK Defense
1 - 56% - 60% - 2:14
2 - 44% - 40% - 1:44
PK3 Forward
1 - 0% - 60%
2 - 0% - 40%
PK3 Defense
1 - 0% - 60%
2 - 0% - 40%
44 Forward
1 - 72% - 60% - 2:41
2 - 28% - 40% - 1:02
44 Defense
1 - 55% - 60% - 2:03
2 - 45% - 40% - 1:40
Last Minute Offensive - 0:00
Last Minute Defensive - 0:00
Total
Forward - 63:43
Defense - 63:43
|
% Time on Ice - Montreal Canadiens
Lines # - Real PCT - Wanted PCT - Time Play
Normal Forward
1 - 38% - 40% - 19:03
2 - 28% - 30% - 14:06
3 - 20% - 20% - 10:15
4 - 13% - 10% - 6:41
Normal Defense
1 - 31% - 30% - 15:24
2 - 31% - 30% - 15:26
3 - 26% - 25% - 13:05
4 - 12% - 15% - 6:10
PP Forward
1 - 50% - 50% - 2:00
2 - 50% - 50% - 1:58
PP Defense
1 - 49% - 50% - 1:56
2 - 51% - 50% - 2:02
PK Forward
1 - 56% - 50% - 3:21
2 - 44% - 50% - 2:36
PK Defense
1 - 50% - 50% - 3:00
2 - 50% - 50% - 2:57
PK3 Forward
1 - 0% - 50%
2 - 0% - 50%
PK3 Defense
1 - 0% - 50%
2 - 0% - 50%
44 Forward
1 - 43% - 50% - 1:35
2 - 57% - 50% - 2:08
44 Defense
1 - 51% - 50% - 1:54
2 - 49% - 50% - 1:49
Last Minute Offensive - 0:00
Last Minute Defensive - 0:00
Total
Forward - 63:43
Defense - 63:43
|
Play-by-Play
1st period
0:01 of 1st period - Dylan Larkin wins face-off versus Shane Pinto in neutral zone.
0:55 of 1st period - Snap shot by Jonatan Berggren.
0:55 of 1st period - Shot Misses the Net.
0:57 of 1st period - Wrist shot by Alex Iafallo.
0:57 of 1st period - Stopped by John Gibson without a rebound.
0:58 of 1st period - Evgeni Dadonov wins face-off versus Michael McCarron in Quebec Nordiques zone.
1:07 of 1st period - Snap shot by Michael McCarron.
1:07 of 1st period - Shot Misses the Net.
1:09 of 1st period - Snap shot by Michael McCarron.
1:09 of 1st period - Shot Misses the Net.
1:11 of 1st period - Slapshot by Justin Holl.
1:11 of 1st period - Stopped by David Rittich with a rebound.
1:13 of 1st period - Slapshot by Justin Holl.
1:13 of 1st period - Stopped by David Rittich with a rebound.
1:30 of 1st period - Slapshot by Vladimir Tarasenko.
1:30 of 1st period - Shot Blocked by Jonas Siegenthaler.
1:32 of 1st period - Slapshot by Alexandre Carrier.
1:32 of 1st period - Stopped by John Gibson without a rebound.
1:33 of 1st period - Shane Pinto wins face-off versus Jake Evans in Quebec Nordiques zone.
1:44 of 1st period - Wrist shot by Anthony Duclair.
1:44 of 1st period - Stopped by David Rittich with a rebound.
1:46 of 1st period - Slapshot by Jonas Siegenthaler.
1:46 of 1st period - Stopped by David Rittich with a rebound.
1:48 of 1st period - Slapshot by J.J. Moser.
1:48 of 1st period - Shot Blocked by Juraj Slafkovsky.
1:54 of 1st period - Minor Penalty to Justin Faulk for Tripping.
1:55 of 1st period - Jake Evans wins face-off versus Anthony Duclair in Montreal Canadiens zone.
3:10 of 1st period - Aliaksei Protas is hit by Shane Pinto and loses puck.
3:54 of 1st period - Penalty to Justin Faulk is over, Justin Faulk is back on ice.
4:54 of 1st period - J.J. Moser is hit by Brady Skjei and loses puck.
5:07 of 1st period - Juraj Slafkovsky is hit by Andreas Athanasiou and loses puck.
5:22 of 1st period - Slapshot by Martin Necas.
5:22 of 1st period - Shot Misses the Net.
6:52 of 1st period - Icing by Martin Necas.
6:53 of 1st period - Jake Evans wins face-off versus Shane Pinto in Montreal Canadiens zone.
6:58 of 1st period - Michael Anderson is hit by Damon Severson and loses puck.
7:27 of 1st period - Snap shot by Evgeni Dadonov.
7:27 of 1st period - Shot Misses the Net.
7:45 of 1st period - Snap shot by Vladimir Tarasenko.
7:45 of 1st period - Stopped by John Gibson with a rebound.
8:05 of 1st period - Icing by Michael Anderson.
8:06 of 1st period - Juraj Slafkovsky wins face-off versus Shane Pinto in Quebec Nordiques zone.
8:15 of 1st period - Slapshot by Shane Pinto.
8:15 of 1st period - Stopped by David Rittich without a rebound.
8:16 of 1st period - Dylan Larkin wins face-off versus Shane Pinto in Montreal Canadiens zone.
9:05 of 1st period - Slapshot by Dylan Larkin.
9:05 of 1st period - Shot Misses the Net.
9:31 of 1st period - Wrist shot by Connor Brown.
9:31 of 1st period - Stopped by David Rittich with a rebound.
9:37 of 1st period - Wrist shot by Rem Pitlick.
9:37 of 1st period - Stopped by David Rittich without a rebound.
9:38 of 1st period - Marco Rossi wins face-off versus Jake Evans in Montreal Canadiens zone.
9:49 of 1st period - Slapshot by Juraj Slafkovsky.
9:49 of 1st period - Shot Misses the Net.
9:55 of 1st period - Marco Rossi is hit by Juraj Slafkovsky and loses puck.
10:10 of 1st period - Snap shot by Shane Pinto.
10:10 of 1st period - Stopped by David Rittich with a rebound.
10:19 of 1st period - Off-side.
10:20 of 1st period - Michael McCarron wins face-off versus Alex Iafallo in neutral zone.
10:32 of 1st period - Off-side.
10:33 of 1st period - Teddy Blueger wins face-off versus Shane Pinto in neutral zone.
10:48 of 1st period - Slapshot by Evgeni Dadonov.
10:48 of 1st period - Stopped by John Gibson with a rebound.
11:03 of 1st period - Jake Evans is hit by Marco Rossi and loses puck.
11:54 of 1st period - Snap shot by Juraj Slafkovsky.
11:54 of 1st period - Stopped by John Gibson with a rebound.
11:56 of 1st period - Slapshot by Brady Skjei.
11:56 of 1st period - Stopped by John Gibson with a rebound.
11:58 of 1st period - Snap shot by Jake Evans.
11:58 of 1st period - Stopped by John Gibson without a rebound.
11:59 of 1st period - Dylan Larkin wins face-off versus Shane Pinto in Quebec Nordiques zone.
12:25 of 1st period - Teddy Blueger is hit by Cole Perfetti and loses puck.
12:33 of 1st period - Off-side.
12:34 of 1st period - Marco Rossi wins face-off versus Dylan Larkin in neutral zone.
12:37 of 1st period - Snap shot by Cole Perfetti.
12:37 of 1st period - Stopped by David Rittich with a rebound.
12:49 of 1st period - Snap shot by Dylan Larkin.
12:49 of 1st period - Stopped by John Gibson without a rebound.
12:50 of 1st period - Shane Pinto wins face-off versus Teddy Blueger in Quebec Nordiques zone.
13:04 of 1st period - Snap shot by Evgeni Dadonov.
13:04 of 1st period - Stopped by John Gibson without a rebound.
13:05 of 1st period - Dylan Larkin wins face-off versus Marco Rossi in Quebec Nordiques zone.
13:08 of 1st period - Wrist shot by Vladimir Tarasenko.
13:08 of 1st period - Stopped by John Gibson with a rebound.
13:55 of 1st period - Michael Anderson is hit by Alex Iafallo and loses puck.
14:12 of 1st period - Snap shot by Alex Iafallo.
14:12 of 1st period - Deflect By Jonatan Berggren.
14:12 of 1st period - Stopped by John Gibson with a rebound.
14:14 of 1st period - Snap shot by Alex Iafallo.
14:14 of 1st period - Shot Misses the Net.
14:18 of 1st period - Slapshot by Alex Iafallo.
14:18 of 1st period - Stopped by John Gibson without a rebound.
14:19 of 1st period - Marco Rossi wins face-off versus Dylan Larkin in Quebec Nordiques zone.
14:24 of 1st period - Snap shot by Cole Perfetti.
14:24 of 1st period - Stopped by David Rittich without a rebound.
14:25 of 1st period - Dylan Larkin wins face-off versus Marco Rossi in Montreal Canadiens zone.
14:50 of 1st period - Jordan Greenway is hit by Juraj Slafkovsky and loses puck.
15:11 of 1st period - Snap shot by Teddy Blueger.
15:11 of 1st period - Stopped by John Gibson without a rebound.
15:12 of 1st period - Andreas Athanasiou wins face-off versus Teddy Blueger in Quebec Nordiques zone.
15:29 of 1st period - Off-side.
15:30 of 1st period - Dylan Larkin wins face-off versus Shane Pinto in neutral zone.
15:33 of 1st period - Jonas Siegenthaler is hit by Dylan Larkin and loses puck.
16:00 of 1st period - Snap shot by Martin Necas.
16:00 of 1st period - Stopped by John Gibson without a rebound.
16:01 of 1st period - Marco Rossi wins face-off versus Jake Evans in Quebec Nordiques zone.
16:33 of 1st period - Patrik Laine is hit by Shane Pinto and loses puck.
16:45 of 1st period - Icing by Alec Martinez.
16:46 of 1st period - Shane Pinto wins face-off versus Aliaksei Protas in Quebec Nordiques zone.
16:59 of 1st period - Wrist shot by Jordan Greenway.
16:59 of 1st period - Stopped by David Rittich without a rebound.
17:00 of 1st period - Marco Rossi wins face-off versus Dylan Larkin in Montreal Canadiens zone.
17:01 of 1st period - Wrist shot by Cole Perfetti.
17:01 of 1st period - Shot Misses the Net.
17:05 of 1st period - Wrist shot by Marco Rossi.
17:05 of 1st period - Stopped by David Rittich without a rebound.
17:06 of 1st period - Dylan Larkin wins face-off versus Marco Rossi in Montreal Canadiens zone.
17:21 of 1st period - Wrist shot by Vladimir Tarasenko.
17:21 of 1st period - Stopped by John Gibson without a rebound.
17:22 of 1st period - Jake Evans wins face-off versus Anthony Duclair in Quebec Nordiques zone.
17:56 of 1st period - Snap shot by Martin Necas.
17:56 of 1st period - Shot Misses the Net.
18:40 of 1st period - Snap shot by Cole Perfetti.
18:40 of 1st period - Shot Misses the Net.
18:42 of 1st period - Snap shot by Zach Benson.
18:42 of 1st period - Shot Blocked by Ilya Lyubushkin.
18:44 of 1st period - Slapshot by Zach Benson.
18:44 of 1st period - Stopped by David Rittich with a rebound.
18:46 of 1st period - Snap shot by Zach Benson.
18:46 of 1st period - Shot Blocked by Ilya Lyubushkin.
18:48 of 1st period - Snap shot by Zach Benson.
18:48 of 1st period - Shot Misses the Net.
18:50 of 1st period - Wrist shot by Marco Rossi.
18:50 of 1st period - Stopped by David Rittich without a rebound.
18:51 of 1st period - Dylan Larkin wins face-off versus Shane Pinto in Montreal Canadiens zone.
Goals for this period are 0 for Quebec Nordiques vs 0 for Montreal Canadiens.
Shots for this period are 14 for Quebec Nordiques vs 15 for Montreal Canadiens.
2nd period
0:01 of 2nd period - Dylan Larkin wins face-off versus Shane Pinto in neutral zone.
0:06 of 2nd period - Snap shot by Vladimir Tarasenko.
0:06 of 2nd period - Stopped by John Gibson with a rebound.
0:14 of 2nd period - Slapshot by Anthony Duclair.
0:14 of 2nd period - Stopped by David Rittich without a rebound.
0:15 of 2nd period - Teddy Blueger wins face-off versus Michael McCarron in Montreal Canadiens zone.
0:28 of 2nd period - Snap shot by Teddy Blueger.
0:28 of 2nd period - Stopped by John Gibson without a rebound.
0:29 of 2nd period - Dylan Larkin wins face-off versus Shane Pinto in Quebec Nordiques zone.
1:10 of 2nd period - Minor Penalty to Michael McCarron for Slashing.
1:11 of 2nd period - Dylan Larkin wins face-off versus Zach Benson in Quebec Nordiques zone.
1:26 of 2nd period - Adam Fox is hit by Michael Anderson and loses puck.
2:03 of 2nd period - Damon Severson is hit by Jonas Siegenthaler and loses puck.
2:26 of 2nd period - J.J. Moser is hit by Brady Skjei and loses puck.
2:43 of 2nd period - Justin Faulk is hit by Alec Martinez and loses puck.
3:10 of 2nd period - Penalty to Michael McCarron is over, Michael McCarron is back on ice.
3:40 of 2nd period - Alex Iafallo is hit by Connor Brown and loses puck.
3:47 of 2nd period - Wrist shot by Connor Brown.
3:47 of 2nd period - Shot Blocked by Alexandre Carrier.
4:03 of 2nd period - Alexandre Carrier is hit by Marco Rossi and loses puck.
4:40 of 2nd period - Anthony Duclair is hit by Adam Fox and loses puck.
5:04 of 2nd period - Marco Rossi is hit by Vladimir Tarasenko and loses puck.
5:19 of 2nd period - Michael McCarron is hit by Martin Necas and loses puck.
5:30 of 2nd period - Brady Skjei is hit by Jonas Siegenthaler and loses puck.
6:19 of 2nd period - Alexandre Carrier is hit by Zach Benson and loses puck.
6:34 of 2nd period - Wrist shot by Marco Rossi.
6:34 of 2nd period - Shot Misses the Net.
7:04 of 2nd period - Snap shot by Alex Iafallo.
7:04 of 2nd period - Shot Misses the Net.
7:06 of 2nd period - Snap shot by Ilya Lyubushkin.
7:06 of 2nd period - Stopped by John Gibson without a rebound.
7:07 of 2nd period - Dylan Larkin wins face-off versus Shane Pinto in Quebec Nordiques zone.
7:16 of 2nd period - Snap shot by Dylan Larkin.
7:16 of 2nd period - Deflect By Anthony Duclair.
7:16 of 2nd period - Shot Misses the Net.
7:16 of 2nd period - Puck is out of play.
7:17 of 2nd period - Shane Pinto wins face-off versus Dylan Larkin in Quebec Nordiques zone.
7:17 of 2nd period - Shane Pinto is hit by Patrik Laine.
7:45 of 2nd period - Slapshot by Dylan Larkin.
7:45 of 2nd period - Shot Misses the Net.
7:47 of 2nd period - Wrist shot by Vladimir Tarasenko.
7:47 of 2nd period - Shot Blocked by Jonas Siegenthaler.
7:49 of 2nd period - Wrist shot by Patrik Laine.
7:49 of 2nd period - Deflect By Dylan Larkin.
7:49 of 2nd period - Stopped by John Gibson without a rebound.
7:50 of 2nd period - Michael McCarron wins face-off versus Jake Evans in Quebec Nordiques zone.
7:57 of 2nd period - Slapshot by Michael Anderson.
7:57 of 2nd period - Shot Blocked by Jake Evans.
8:03 of 2nd period - Wrist shot by Michael McCarron.
8:03 of 2nd period - Stopped by David Rittich with a rebound.
8:05 of 2nd period - Wrist shot by Jordan Greenway.
8:05 of 2nd period - Deflect By Michael McCarron.
8:05 of 2nd period - Shot Misses the Net.
8:05 of 2nd period - Puck is out of play.
8:06 of 2nd period - Dylan Larkin wins face-off versus Shane Pinto in Montreal Canadiens zone.
8:13 of 2nd period - Wrist shot by Vladimir Tarasenko.
8:13 of 2nd period - Shot Blocked by Michael Anderson.
8:15 of 2nd period - Snap shot by Vladimir Tarasenko.
8:15 of 2nd period - Goal by Vladimir Tarasenko - Quebec Nordiques : 0 - Montreal Canadiens : 1.
8:16 of 2nd period - Dylan Larkin wins face-off versus Shane Pinto in neutral zone.
8:23 of 2nd period - Wrist shot by Patrik Laine.
8:23 of 2nd period - Stopped by John Gibson with a rebound.
8:29 of 2nd period - Snap shot by Shane Pinto.
8:29 of 2nd period - Shot Misses the Net.
8:31 of 2nd period - Wrist shot by Anthony Duclair.
8:31 of 2nd period - Goal by Anthony Duclair - Quebec Nordiques : 1 - Montreal Canadiens : 1.
8:32 of 2nd period - Dylan Larkin wins face-off versus Shane Pinto in neutral zone.
8:35 of 2nd period - J.J. Moser is hit by Brady Skjei and loses puck.
9:53 of 2nd period - Snap shot by Marco Rossi.
9:53 of 2nd period - Stopped by David Rittich with a rebound.
9:55 of 2nd period - Snap shot by Marc Staal.
9:55 of 2nd period - Shot Misses the Net.
9:57 of 2nd period - Wrist shot by Cole Perfetti.
9:57 of 2nd period - Shot Misses the Net.
10:26 of 2nd period - Icing by Justin Faulk.
10:27 of 2nd period - Dylan Larkin wins face-off versus Michael McCarron in Montreal Canadiens zone.
11:02 of 2nd period - Icing by Vladimir Tarasenko.
11:03 of 2nd period - Dylan Larkin wins face-off versus Cole Perfetti in Montreal Canadiens zone.
11:09 of 2nd period - Off-side.
11:10 of 2nd period - Dylan Larkin wins face-off versus Marco Rossi in neutral zone.
11:17 of 2nd period - Off-side.
11:18 of 2nd period - Shane Pinto wins face-off versus Vladimir Tarasenko in neutral zone.
11:43 of 2nd period - Slapshot by Adam Fox.
11:43 of 2nd period - Stopped by John Gibson without a rebound.
11:44 of 2nd period - Teddy Blueger wins face-off versus Cole Perfetti in Quebec Nordiques zone.
11:47 of 2nd period - Snap shot by Evgeni Dadonov.
11:47 of 2nd period - Shot Misses the Net.
11:53 of 2nd period - Snap shot by Teddy Blueger.
11:53 of 2nd period - Shot Misses the Net.
11:57 of 2nd period - Snap shot by Evgeni Dadonov.
11:57 of 2nd period - Shot Misses the Net.
12:40 of 2nd period - Alec Martinez is hit by Adam Fox.
12:55 of 2nd period - Damon Severson is hit by Jonas Siegenthaler and loses puck.
13:17 of 2nd period - Snap shot by Evgeni Dadonov.
13:17 of 2nd period - Shot Misses the Net.
13:35 of 2nd period - Slapshot by Dylan Larkin.
13:35 of 2nd period - Goal by Dylan Larkin - Quebec Nordiques : 1 - Montreal Canadiens : 2.
13:36 of 2nd period - Dylan Larkin wins face-off versus Shane Pinto in neutral zone.
14:18 of 2nd period - Minor Penalty to Juraj Slafkovsky for Hooking.
14:19 of 2nd period - Jake Evans wins face-off versus Shane Pinto in Montreal Canadiens zone.
14:54 of 2nd period - Snap shot by Zach Benson.
14:54 of 2nd period - Shot Blocked by Adam Fox.
16:18 of 2nd period - Penalty to Juraj Slafkovsky is over, Juraj Slafkovsky is back on ice.
16:37 of 2nd period - Backhand shot by Dylan Larkin.
16:37 of 2nd period - Deflect By Patrik Laine.
16:37 of 2nd period - Stopped by John Gibson with a rebound.
16:39 of 2nd period - Snap shot by Patrik Laine.
16:39 of 2nd period - Stopped by John Gibson without a rebound.
16:40 of 2nd period - Michael McCarron wins face-off versus Dylan Larkin in Quebec Nordiques zone.
16:40 of 2nd period - Michael McCarron is hit by Brady Skjei.
16:46 of 2nd period - Luke Kunin is hit by Dylan Larkin.
17:07 of 2nd period - Luke Kunin is hit by Brady Skjei and loses puck.
17:16 of 2nd period - Wrist shot by Jordan Greenway.
17:16 of 2nd period - Stopped by David Rittich without a rebound.
17:17 of 2nd period - Shane Pinto wins face-off versus Jake Evans in Montreal Canadiens zone.
17:18 of 2nd period - Wrist shot by Anthony Duclair.
17:18 of 2nd period - Shot Misses the Net.
17:28 of 2nd period - Slapshot by Adam Fox.
17:28 of 2nd period - Deflect By Michael Anderson.
17:28 of 2nd period - Stopped by John Gibson without a rebound.
17:29 of 2nd period - Dylan Larkin wins face-off versus Shane Pinto in Quebec Nordiques zone.
17:34 of 2nd period - Slapshot by Vladimir Tarasenko.
17:34 of 2nd period - Stopped by John Gibson with a rebound.
17:36 of 2nd period - Slapshot by Justin Faulk.
17:36 of 2nd period - Stopped by John Gibson with a rebound.
17:38 of 2nd period - Snap shot by Vladimir Tarasenko.
17:38 of 2nd period - Shot Blocked by Alec Martinez.
17:40 of 2nd period - Wrist shot by Vladimir Tarasenko.
17:40 of 2nd period - Shot Misses the Net.
17:42 of 2nd period - Wrist shot by Patrik Laine.
17:42 of 2nd period - Stopped by John Gibson without a rebound.
17:43 of 2nd period - Marco Rossi wins face-off versus Jake Evans in Quebec Nordiques zone.
18:01 of 2nd period - Damon Severson is hit by Cole Perfetti and loses puck.
18:52 of 2nd period - Alexandre Carrier is hit by Rem Pitlick and loses puck.
19:14 of 2nd period - Alexandre Carrier is hit by Marc Staal and loses puck.
19:22 of 2nd period - Off-side.
19:23 of 2nd period - Shane Pinto wins face-off versus Dylan Larkin in neutral zone.
19:34 of 2nd period - Slapshot by Anthony Duclair.
19:34 of 2nd period - Shot Misses the Net.
19:36 of 2nd period - Wrist shot by J.J. Moser.
19:36 of 2nd period - Stopped by David Rittich with a rebound.
19:48 of 2nd period - Jake Evans is hit by Cole Perfetti and loses puck.
Goals for this period are 1 for Quebec Nordiques vs 2 for Montreal Canadiens.
Shots for this period are 6 for Quebec Nordiques vs 14 for Montreal Canadiens.
3rd period
0:01 of 3rd period - Dylan Larkin wins face-off versus Shane Pinto in neutral zone.
0:27 of 3rd period - Marco Rossi is hit by Martin Necas and loses puck.
1:38 of 3rd period - Slapshot by J.J. Moser.
1:38 of 3rd period - Stopped by David Rittich without a rebound.
1:39 of 3rd period - Marco Rossi wins face-off versus Patrik Laine in Montreal Canadiens zone.
2:23 of 3rd period - Wrist shot by Vladimir Tarasenko.
2:23 of 3rd period - Shot Misses the Net.
2:25 of 3rd period - Snap shot by Patrik Laine.
2:25 of 3rd period - Stopped by John Gibson without a rebound.
2:26 of 3rd period - Jake Evans wins face-off versus Shane Pinto in Quebec Nordiques zone.
2:51 of 3rd period - Martin Necas is hit by Luke Kunin and loses puck.
3:02 of 3rd period - Slapshot by Jordan Greenway.
3:02 of 3rd period - Stopped by David Rittich with a rebound.
3:04 of 3rd period - Slapshot by Jonas Siegenthaler.
3:04 of 3rd period - Stopped by David Rittich without a rebound.
3:05 of 3rd period - Marco Rossi wins face-off versus Teddy Blueger in Montreal Canadiens zone.
3:17 of 3rd period - Off-side.
3:18 of 3rd period - Dylan Larkin wins face-off versus Kirby Dach in neutral zone.
3:21 of 3rd period - Shane Pinto is hit by Patrik Laine and loses puck.
4:07 of 3rd period - Wrist shot by Teddy Blueger.
4:07 of 3rd period - Shot Blocked by Jordan Greenway.
4:23 of 3rd period - Minor Penalty to Aliaksei Protas for Holding.
4:24 of 3rd period - Shane Pinto wins face-off versus Jake Evans in Montreal Canadiens zone.
4:58 of 3rd period - Damon Severson is hit by Marco Rossi and loses puck.
5:31 of 3rd period - Evgeni Dadonov is hit by Kirby Dach and loses puck.
6:01 of 3rd period - Icing by Marco Rossi.
6:02 of 3rd period - Marco Rossi wins face-off versus Patrik Laine in Quebec Nordiques zone.
6:23 of 3rd period - Penalty to Aliaksei Protas is over, Aliaksei Protas is back on ice.
6:28 of 3rd period - Cole Perfetti is hit by Alexandre Carrier and loses puck.
6:48 of 3rd period - Alexandre Carrier is hit by Rem Pitlick and loses puck.
7:15 of 3rd period - Wrist shot by Vladimir Tarasenko.
7:15 of 3rd period - Stopped by John Gibson with a rebound.
7:17 of 3rd period - Snap shot by Ilya Lyubushkin.
7:17 of 3rd period - Deflect By Patrik Laine.
7:17 of 3rd period - Stopped by John Gibson with a rebound.
7:55 of 3rd period - J.J. Moser is hit by Adam Fox and loses puck.
8:14 of 3rd period - Brady Skjei is hit by Marco Rossi and loses puck.
9:21 of 3rd period - Evgeni Dadonov is hit by Jordan Greenway and loses puck.
9:42 of 3rd period - Snap shot by Connor Brown.
9:42 of 3rd period - Shot Blocked by Ilya Lyubushkin.
9:54 of 3rd period - Wrist shot by Evgeni Dadonov.
9:54 of 3rd period - Stopped by John Gibson with a rebound.
9:58 of 3rd period - Snap shot by Evgeni Dadonov.
9:58 of 3rd period - Stopped by John Gibson with a rebound.
10:00 of 3rd period - Wrist shot by Aliaksei Protas.
10:00 of 3rd period - Stopped by John Gibson with a rebound.
10:04 of 3rd period - Slapshot by Evgeni Dadonov.
10:04 of 3rd period - Stopped by John Gibson without a rebound.
10:05 of 3rd period - Shane Pinto wins face-off versus Dylan Larkin in Quebec Nordiques zone.
11:29 of 3rd period - Connor Brown is hit by Juraj Slafkovsky and loses puck.
11:54 of 3rd period - Snap shot by Jordan Greenway.
11:54 of 3rd period - Shot Misses the Net.
12:31 of 3rd period - Slapshot by Shane Pinto.
12:31 of 3rd period - Shot Misses the Net.
12:33 of 3rd period - Slapshot by Kirby Dach.
12:33 of 3rd period - Stopped by David Rittich with a rebound.
12:53 of 3rd period - Minor Penalty to Jordan Greenway for Cross-checking.
12:54 of 3rd period - Michael McCarron wins face-off versus Patrik Laine in Quebec Nordiques zone.
13:29 of 3rd period - Snap shot by Dylan Larkin.
13:29 of 3rd period - Stopped by John Gibson without a rebound.
13:30 of 3rd period - Michael McCarron wins face-off versus Dylan Larkin in Quebec Nordiques zone.
14:53 of 3rd period - Penalty to Jordan Greenway is over, Jordan Greenway is back on ice.
14:59 of 3rd period - Snap shot by Shane Pinto.
14:59 of 3rd period - Shot Blocked by Aliaksei Protas.
15:01 of 3rd period - Slapshot by Jonas Siegenthaler.
15:01 of 3rd period - Shot Blocked by Aliaksei Protas.
15:03 of 3rd period - Slapshot by Connor Brown.
15:03 of 3rd period - Stopped by David Rittich with a rebound.
15:05 of 3rd period - Slapshot by Andreas Athanasiou.
15:05 of 3rd period - Shot Blocked by Ilya Lyubushkin.
15:07 of 3rd period - Snap shot by Andreas Athanasiou.
15:07 of 3rd period - Goal by Andreas Athanasiou - Quebec Nordiques : 2 - Montreal Canadiens : 2.
15:08 of 3rd period - Michael McCarron wins face-off versus Teddy Blueger in neutral zone.
15:39 of 3rd period - Slapshot by Dylan Larkin.
15:39 of 3rd period - Shot Misses the Net.
15:57 of 3rd period - Snap shot by Cole Perfetti.
15:57 of 3rd period - Deflect By Marco Rossi.
15:57 of 3rd period - Stopped by David Rittich without a rebound.
15:58 of 3rd period - Michael McCarron wins face-off versus Jake Evans in Montreal Canadiens zone.
16:05 of 3rd period - Wrist shot by Jordan Greenway.
16:05 of 3rd period - Deflect By Juraj Slafkovsky.
16:05 of 3rd period - Shot Misses the Net.
16:05 of 3rd period - Puck is out of play.
16:06 of 3rd period - Teddy Blueger wins face-off versus Michael McCarron in Montreal Canadiens zone.
16:33 of 3rd period - Snap shot by Shane Pinto.
16:33 of 3rd period - Shot Misses the Net.
16:39 of 3rd period - Slapshot by Patrik Laine.
16:39 of 3rd period - Shot Misses the Net.
17:13 of 3rd period - Snap shot by Cole Perfetti.
17:13 of 3rd period - Stopped by David Rittich with a rebound.
17:33 of 3rd period - Jordan Greenway is hit by Teddy Blueger.
17:41 of 3rd period - Slapshot by J.J. Moser.
17:41 of 3rd period - Deflect By Luke Kunin.
17:41 of 3rd period - Stopped by David Rittich with a rebound.
18:16 of 3rd period - Slapshot by Rem Pitlick.
18:16 of 3rd period - Stopped by David Rittich with a rebound.
18:18 of 3rd period - Snap shot by Connor Brown.
18:18 of 3rd period - Stopped by David Rittich without a rebound.
18:19 of 3rd period - Aliaksei Protas wins face-off versus Michael McCarron in Montreal Canadiens zone.
19:17 of 3rd period - Patrik Laine is hit by Kirby Dach and loses puck.
Goals for this period are 1 for Quebec Nordiques vs 0 for Montreal Canadiens.
Shots for this period are 11 for Quebec Nordiques vs 8 for Montreal Canadiens.
Overtime #1
0:01 of 1st overtime period - Dylan Larkin wins face-off versus Shane Pinto in neutral zone.
0:50 of 1st overtime period - Vladimir Tarasenko is hit by Jonas Siegenthaler and loses puck.
1:11 of 1st overtime period - Slapshot by Alec Martinez.
1:11 of 1st overtime period - Stopped by David Rittich without a rebound.
1:12 of 1st overtime period - Dylan Larkin wins face-off versus Shane Pinto in Montreal Canadiens zone.
1:31 of 1st overtime period - Michael Anderson is hit by Juraj Slafkovsky and loses puck.
1:40 of 1st overtime period - Juraj Slafkovsky is hit by Michael Anderson.
1:56 of 1st overtime period - Shane Pinto is hit by Juraj Slafkovsky and loses puck.
3:08 of 1st overtime period - Juraj Slafkovsky is hit by Jordan Greenway and loses puck.
3:38 of 1st overtime period - Damon Severson is hit by Marco Rossi and loses puck.
3:43 of 1st overtime period - Snap shot by Cole Perfetti.
3:43 of 1st overtime period - Goal by Cole Perfetti - Quebec Nordiques : 3 - Montreal Canadiens : 2.
Goals for this period are 1 for Quebec Nordiques vs 0 for Montreal Canadiens.
Shots for this period are 2 for Quebec Nordiques vs 0 for Montreal Canadiens.
Back to the Top